 Dungeon Crawl Stone Soup version 0.22.1-1-ga44c0e56f4 (webtiles) character file.

2486 Kristenmann the Spear-Bearer (level 9, -8/80 HPs)
             Began as a Minotaur Chaos Knight on Oct 6, 2018.
             Mangled by a spatial vortex (21 damage)
             ... summoned by the capriciousness of Xom
             ... on level 7 of the Dungeon.
             The game lasted 00:27:51 (4760 turns).

Kristenmann the Spear-Bearer (MiCK)                 Turns: 4760, Time: 00:27:52

Health: -8/80      AC: 11    Str: 18 (19) XL:     9   Next: 27%
Magic:  8/8        EV: 13    Int:  7      God:    Xom [......]
Gold:   177        SH:  0    Dex:  7      Spells: 8/8 levels left

rFire    x . .     SeeInvis .   a - +0 spear (chaos)
rCold    + . .     Gourm    .   (no shield)
rNeg     . . .     Faith    .   b - +2 leather armour
rPois    .         Spirit   .   (helmet restricted)
rElec    .         Reflect  .   q - +2 cloak {+Inv}
rCorr    .         Harm     .   y - +0 pair of gloves
MR       .....                  m - +0 pair of boots
Stlth    ++........             G - amulet of magic regeneration
HPRegen  0.23/turn              z - ring of flight
MPRegen  0.36/turn              B - ring of ice

@: lethally poisoned (-8 -> -18)
A: retaliatory headbutt, horns 2, blurry vision 1, clumsy 1, deterioration 2,
dopey 1, weak 1
a: Renounce Religion, Evoke Invisibility, Evoke Flight


You were on level 7 of the Dungeon.
You worshipped Xom.
You were a very special plaything of Xom.
You were not hungry.

You visited 2 branches of the dungeon, and saw 8 of its levels.

You collected 287 gold pieces.
You spent 110 gold pieces at shops.

Inventory:

Hand Weapons
 a - a +0 spear of chaos (weapon)
 x - a +4 quarterstaff of chaos
 I - a +3 flail of crushing
Armour
 b - a +2 leather armour (worn)
 m - a +0 pair of boots (worn)
 p - a +0 robe
 q - a +2 cloak of invisibility (worn)
 y - a +0 pair of gloves (worn)
 H - a +0 animal skin
Magical Staves
 n - an uncursed staff of energy {unknown}
Jewellery
 z - a ring of flight (left hand)
 B - a ring of ice (right hand)
 G - an amulet of magic regeneration (around neck)
 K - an uncursed ring of magical power {unknown}
Wands
 j - a wand of digging (15)
 t - a wand of polymorph (7)
 D - a wand of scattershot (6)
 E - a wand of iceblast (9)
Scrolls
 d - 4 scrolls of identify
 h - a scroll of immolation {unknown}
 i - 2 scrolls of amnesia {unknown}
 k - a scroll of fog {unknown}
 o - 6 scrolls of teleportation {unknown}
 r - 2 scrolls of blinking {unknown}
 s - a scroll of fear {unknown}
 u - a scroll of enchant armour {unknown}
 v - a scroll of magic mapping {unknown}
 w - 2 scrolls of remove curse {unknown}
 A - a scroll of enchant weapon {unknown}
Potions
 e - 2 potions of agility {unknown}
 f - 3 potions of mutation {unknown}
 g - a potion of ambrosia {unknown}
 l - 3 potions of haste {unknown}
 C - 2 potions of heal wounds {unknown}
 F - a potion of magic {unknown}
 J - a potion of degeneration {unknown}
 L - a potion of brilliance {unknown}
Comestibles
 c - 11 rations


   Skills:
 + Level 7.7 Fighting
 + Level 9.8 Polearms
 + Level 5.4 Armour
 + Level 5.8 Dodging
 + Level 4.0 Stealth


You had 8 spell levels left.
You didn't know any spells.
Your spell library was empty.

Dungeon Overview and Level Annotations

Branches:
Dungeon (7/15)             Temple (1/1) D:6

Altars:
Dithmenos
Okawaru
Qazlal
Sif Muna
Vehumet
Wu Jian
Xom
Yredelemnul
Zin

Shops:
D:4 %[!

Annotations:
D:7 Joseph


Innate Abilities, Weirdness & Mutations

You reflexively headbutt those who attack you in melee.
You have a pair of horns on your head.
Scrolls take you a little longer to read.
You are clumsy. (Dex -2)
Your body often deteriorates upon taking damage.
You are dopey. (Int -2)
You are weak. (Str -2)


Message History

Joseph shouts!
Your headbutt misses the killer bee.
The killer bee is heavily wounded.
You feel sick. The killer bee stings you.
You puncture the killer bee!
You feel better.
You kill the killer bee!
You feel sick.
You barely miss the killer bee. Your headbutt misses the killer bee.
The killer bee misses you. x2
You miss the killer bee. Your headbutt misses the killer bee.
You feel sick. The killer bee barely misses you.
You closely miss the killer bee. The killer bee stings you.
You are more poisoned.
The killer bee poisons you!
You miss the killer bee.
You feel sick. The spatial vortex hits you!!
* * * LOW HITPOINT WARNING * * *
Your body deteriorates!
You feel weakened. Space warps horribly around you!
You die...
Xom snickers!

###### #....#
#....#
...###+###v...#
.....yggy@....#
.....@gy##....# #
...##...####'####
## .
#....#......##.#
.v..$.#<........#
.##...##....).####
# ###+##......#
#......# #..##.##


You could see Joseph, 2 spatial vortices, a gnoll shaman, 3 killer bees and 2
gnolls.

Vanquished Creatures
  A blink frog (D:6)
  Duvessa (D:6)
  A black bear (D:6)
  An ice beast (D:5)
  A slave (D:6)
  2 ogres
  A centaur (shapeshifter) (D:5)
  A centaur (D:5)
  3 bullfrogs (D:6)
  A gnoll sergeant (D:5)
  Dowan (D:6)
  A scorpion (shapeshifter) (D:6)
  3 killer bees (D:7)
  A howler monkey (D:4)
  2 crimson imps
  A centaur zombie (D:6)
  2 jellies
  An orc priest (D:4)
  A bullfrog zombie (D:6)
  6 orc wizards
  Crazy Yiuf (D:3)
  2 hounds
  Jessica (D:3)
  A centaur skeleton (D:6)
  2 iguanas
  Terence (D:2)
  2 worker ants
  A hound skeleton (D:5)
  4 gnolls
  A howler monkey skeleton (D:6)
  9 adders
  An ooze (D:2)
  An adder skeleton (D:4)
  A dart slug (D:1)
  4 leopard geckos
  15 orcs
  7 bats
  6 giant cockroaches
  7 goblins
  5 hobgoblins
  4 jackals
  4 quokkas
  4 ball pythons
  A frilled lizard (D:2)
  3 kobolds
  A leopard gecko skeleton (D:6)
  9 rats
130 creatures vanquished.

Vanquished Creatures (collateral kills)
  Pikel (D:6)
  A slave (D:6)
  A hound (D:6)
3 creatures vanquished.

Vanquished Creatures (others)
  An orc warrior (D:6)
1 creature vanquished.

Grand Total: 134 creatures vanquished

Notes
Turn   | Place    | Note
-------+----------+-------------------------------------------
     0 | D:1      | Kristenmann the Minotaur Chaos Knight began the quest for
                  | the Orb.
     0 | D:1      | Reached XP level 1. HP: 19/19 MP: 0/0
   117 | D:1      | Reached XP level 2. HP: 27/27 MP: 1/1
   267 | D:1      | Reached skill level 4 in Polearms
   327 | D:1      | XOM: harmless Ice miscast
   395 | D:1      | XOM: harmless Hex miscast
   520 | D:1      | XOM: harmless Summ miscast
   589 | D:1      | You fall through a shaft!
   603 | D:2      | Reached XP level 3. HP: 25/34 MP: 2/2
   630 | D:2      | Noticed Terence
   650 | D:2      | Killed Terence
   696 | D:2      | Found a stormy altar of Qazlal.
   778 | D:2      | Reached XP level 4. HP: 40/41 MP: 3/3
   808 | D:2      | XOM: medium Conj miscast
   916 | D:2      | Found a radiant altar of Vehumet.
   932 | D:2      | Reached skill level 5 in Fighting
  1057 | D:2      | Found an iron altar of Okawaru.
  1248 | D:2      | XOM: god gift: runed cloak {god gift}
  1379 | D:3      | XOM: cloud trail
  1433 | D:3      | Noticed Jessica
  1435 | D:3      | XOM: enchant monster (good)
  1440 | D:3      | Killed Jessica
  1440 | D:3      | Reached skill level 5 in Polearms
  1440 | D:3      | Reached XP level 5. HP: 48/48 MP: 4/4
  1593 | D:3      | Reached skill level 1 in Stealth
  1677 | D:3      | XOM: god gift: 16 stones
  1806 | D:3      | Found a runed door.
  1810 | D:3      | Noticed Crazy Yiuf
  1818 | D:3      | Killed Crazy Yiuf
  1922 | D:3      | XOM: mild Chrm miscast
  2034 | D:3      | XOM: divination: magic mapping
  2052 | D:4      | Reached XP level 6. HP: 56/56 MP: 5/5
  2068 | D:4      | Found a glowing silver altar of Zin.
  2068 | D:4      | XOM: 4-stop teleportation journey
  2082 | D:4      | XOM: harmless Erth miscast
  2183 | D:4      | Reached skill level 6 in Polearms
  2366 | D:4      | Found Toru Xee's Book Shop.
  2384 | D:4      | XOM: noise
  2457 | D:4      | Found Qigin's Food Shoppe.
  2464 | D:4      | Reached XP level 7. HP: 52/62 MP: 6/6
  2630 | D:4      | XOM: medium Tmut miscast
  2633 | D:4      | Gained mutation: You are weak. (Str -2) [mutagenic glow]
  2642 | D:4      | XOM: scenery: 1 doors close
  2650 | D:4      | Bought a ration for 55 gold pieces
  2650 | D:4      | Bought a ration for 55 gold pieces
  2670 | D:4      | Gained mutation: You are clumsy. (Dex -2) [mutagenic glow]
  2673 | D:4      | Found Diusol's Distillery.
  2674 | D:4      | Found Qositwo's Antique Armour Boutique.
  2828 | D:5      | Entered Level 5 of the Dungeon
  2874 | D:5      | XOM: confuse monster(s)
  2877 | D:5      | XOM: enchant monster (good)
  2893 | D:5      | Reached skill level 7 in Polearms
  2897 | D:5      | XOM: polymorph gnoll -> jackal
  2900 | D:5      | Noticed a fire bat
  2900 | D:5      | a swamp drake changed into a fire bat
  2901 | D:5      | XOM: enchant monster (good)
  2903 | D:5      | Noticed a golden eye
  2903 | D:5      | a fire bat changed into a golden eye
  2910 | D:5      | Noticed a fire bat
  2910 | D:5      | a golden eye changed into a fire bat
  2911 | D:5      | a fire bat changed into a naga
  2933 | D:5      | Found a basalt altar of Yredelemnul.
  3160 | D:5      | XOM: scenery: create altars
  3161 | D:5      | XOM: 4-stop teleportation journey
  3193 | D:5      | Reached XP level 8. HP: 50/71 MP: 7/7
  3533 | D:5      | XOM: cloud trail
  3590 | D:6      | XOM: 2-stop teleportation journey
  3633 | D:6      | Reached skill level 8 in Polearms
  3654 | D:6      | Found a deep blue altar of Sif Muna.
  3657 | D:6      | Noticed Edmund
  3665 | D:6      | XOM: fog
  3675 | D:6      | Edmund changed into Edmund the wolf
  3677 | D:6      | XOM: enchant monster (good)
  3682 | D:6      | XOM: divination: detect items
  3779 | D:6      | Noticed Pikel
  3823 | D:6      | XOM: stat loss: -1 Dex (6/7)
  3830 | D:6      | XOM: enchant monster (good)
  3831 | D:6      | Noticed a blink frog
  3831 | D:6      | a slave changed into a blink frog
  3835 | D:6      | XOM: scenery: create altars
  3854 | D:6      | Killed a blink frog
  4101 | D:6      | XOM: god gift: scroll labeled FOEMUO AGAWISI {god gift}
  4284 | D:6      | Noticed Duvessa
  4290 | D:6      | Noticed Dowan
  4297 | D:6      | Killed Duvessa
  4308 | D:6      | Killed Dowan
  4308 | D:6      | Reached skill level 9 in Polearms
  4308 | D:6      | Reached skill level 5 in Dodging
  4337 | D:6      | Reached skill level 5 in Armour
  4480 | D:6      | Found a staircase to the Ecumenical Temple.
  4485 | D:6      | XOM: blink monster(s)
  4499 | Temple   | Entered the Ecumenical Temple
  4527 | D:6      | XOM: stat loss: -1 Str (17/18)
  4555 | D:6      | Killed Pikel
  4555 | D:6      | Reached XP level 9. HP: 64/79 MP: 8/8
  4570 | D:6      | XOM: polymorph freed slave -> swamp drake
  4652 | D:6      | XOM: give mutations
  4652 | D:6      | Gained mutation: Your body sometimes deteriorates upon
                  | taking damage. [Xom's mischief]
  4652 | D:6      | Gained mutation: You are dopey. (Int -2) [Xom's mischief]
  4652 | D:6      | Gained mutation: Scrolls take you a little longer to read.
                  | [Xom's mischief]
  4652 | D:6      | Gained mutation: Your body often deteriorates upon taking
                  | damage. [Xom's mischief]
  4744 | D:7      | XOM: summons 2 hostile shadow creatures
  4748 | D:7      | XOM: medium Summ miscast
  4754 | D:7      | Noticed Joseph
  4760 | D:7      | Mangled by a spatial vortex

Skill      XL: |  1  2  3  4  5  6  7  8  9 |
---------------+----------------------------+-----
Fighting       | 4 5 6 7 |  7.7
Polearms       | 4 5 6 7 9 |  9.8
Armour         | 3 4 5 |  5.4
Stealth        | 1 2 3 4 |  4.0
Dodging        | 2 3 4 5 |  5.8

Action                   |  1- 3 |  4- 6 |  7- 9 || total
-------------------------+-------+-------+-------++-------
Melee: Spear             |    76 |   142 |   319 ||   537
       Headbutt          |    14 |    21 |    40 ||    75
  Use: Scroll            |       |     2 |     2 ||     4
 Stab: Paralysed         |     2 |       |     3 ||     5
       Sleeping          |       |     1 |     3 ||     4
       Confused          |       |       |     1 ||     1
  Eat: Ration            |       |     2 |     1 ||     3
       Chunk             |       |       |     2 ||     2
Armor: Leather armour    |    21 |    42 |   107 ||   170
       Skin              |       |     3 |       ||     3
Dodge: Dodged            |    40 |    73 |   152 ||   265
